 Dungeon Crawl Stone Soup version 0.31-a0-185-g9dded2c639 (webtiles) character file.

Game seed: 9731498756398848583

197 qw the Skirmisher (level 5, -7/29 HPs)
             Began as a Deep Elf Hunter on June 22, 2023.
             Killed by divine providence
             ... invoked by an orc priest
              (13 damage)
             ... on level 4 of the Dungeon.
             The game lasted 00:00:58 (2318 turns).

qw the Skirmisher (Deep Elf Hunter)                 Turns: 2318, Time: 00:00:58

Health: -7/29      AC:  9    Str:  9 (10) XL:     5   Next: 46%
Magic:  7/7        EV: 11    Int: 14      God:
Gold:   177        SH:  0    Dex: 18      Spells: 4/4 levels left

rFire   . . .        Y - +0 shortbow
rCold   . . .        (shield currently unavailable)
rNeg    . . .        d - +0 ring mail
rPois   .            e - +2 hat
rElec   .            a - +1 cloak
rCorr   .            (no gloves)
SInv    .            (no boots)
Will    +....        (no amulet)
Stlth   +            h - ring of willpower
HPRegen 0.24/turn    (no ring)
MPRegen 0.10/turn

%: no passive effects
@: no status effects
A: no striking features
a: no special abilities


You were on level 4 of the Dungeon.
You visited 1 branch of the dungeon, and saw 4 of its levels.

You collected 177 gold pieces.


   Skills:
 + Level 1.5 Fighting
 - Level 9.0 Ranged Weapons
 - Level 2.4 Dodging
 - Level 1.2 Stealth


You had 4 spell levels left.
You didn't know any spells.
Your spell library was empty.

Inventory:

Hand Weapons
 Y - a +0 shortbow (weapon)
Armour
 a - a +1 cloak (worn)
 d - a +0 ring mail (worn)
 e - a +2 hat (worn)
 j - a +0 pair of gloves
Jewellery
 h - a ring of willpower (left hand)
Scrolls
 i - 2 scrolls of identify
Potions
 b - 2 potions of curing
 c - a potion of berserk rage {unknown}
 f - a potion of cancellation
 g - a potion of enlightenment
 k - a potion of invisibility {unknown}
 m - a potion of haste

Dungeon Overview and Level Annotations

Branches:
Dungeon (4/15)
 Temple: D:4-7

Altars:


Message History

The gnoll hits you with a +0 spear.
You shoot an arrow. The arrow closely misses the gnoll.
The gnoll hits you but does no damage.
You shoot an arrow. The arrow hits the gnoll.
The gnoll is severely wounded.
The gnoll hits you with a +0 spear!
A gnoll comes into view. It is wielding a +0 club.
You shoot an arrow. The gnoll shouts!
The arrow hits the gnoll.
The gnoll is almost dead.
The gnoll hits you but does no damage.
An orc comes into view. It is wielding a +0 hand axe.
You shoot an arrow. The arrow hits the gnoll.
You kill the gnoll!
You shoot an arrow. The arrow hits the gnoll.
The gnoll is moderately wounded.
An orc priest comes into view. It is wielding a +0 club.
The gnoll hits you but does no damage.
You shoot an arrow. The arrow barely misses the gnoll.
The orc priest shouts!
The gnoll hits you but does no damage. The orc hits you but does no damage.
An orc priest comes into view. It is wielding a +0 dagger.
The gnoll hits you with a +0 club.
An endoplasm comes into view.
You shoot an arrow. The orc priest shouts!
The endoplasm quivers.
The arrow hits the gnoll.
The gnoll is almost dead.
The gnoll completely misses you. The orc hits you but does no damage.
You shoot an arrow. The arrow hits the gnoll!
You kill the gnoll!
The gnoll hits you with a +0 club. The orc hits you with a +0 flail!
Your Ranged Weapons skill increases to level 9!
You shoot an arrow. The arrow closely misses the gnoll.
The orc priest begins to cast a cantrip, but forgets the words!
The orc priest mumbles some strange prayers to Beogh against you.
Beogh smites you!
You die...

......######
...........# ..........#
#........# #........#
####..).....#
####....<......###
......)#....#....#######
......g@.#######.......#
#.....oo## #.....##..
#.......# #..###..#
#.....o.# #.# ##.###
.#J#.o..# ... #.).# ..
#....# ..## ###.. #
.##### #.# ##. .. .. #.
##.


You could see 2 orc priests, a gnoll, 2 orcs and an endoplasm.

Vanquished Creatures
  An orc priest (D:3)
  3 gnolls
  8 adders
  2 dart slugs
  2 orcs (D:3)
  3 ball pythons
  9 bats
  5 endoplasms
  A giant cockroach (D:3)
  6 goblins
  4 hobgoblins
  3 quokkas
  6 frilled lizards
  5 kobolds
  6 rats
64 creatures vanquished.

Notes
Turn   | Place    | Note
-------+----------+-------------------------------------------
     0 | D:1      | qw the Deep Elf Hunter began the quest for the Orb.
     0 | D:1      | Reached XP level 1. HP: 12/12 MP: 3/3
     0 | D:1      | 0 ||| qw: Version: 0.3-a-9-g12657ce
     0 | D:1      | 0 ||| qw: Game counter: 1677
     0 | D:1      | 0 ||| qw: Always use a shield: true
     0 | D:1      | 0 ||| qw: God list: Okawaru
     0 | D:1      | 0 ||| qw: Allow faded altars: false
     0 | D:1      | 0 ||| qw: Do Orc after D:15 true
     0 | D:1      | 0 ||| qw: Do second Lair branch before Depths: true
     0 | D:1      | 0 ||| qw: Lair rune preference: random
     0 | D:1      | 0 ||| qw: Plans: Normal
     0 | D:1      | 0 ||| PLANNING D:1-11
   117 | D:1      | Reached XP level 2. HP: 10/16 MP: 4/4
   117 | D:1      | 117 ||| FLEEEEING.
   120 | D:1      | 120 ||| FLEEEEING.
   121 | D:1      | 121 ||| FLEEEEING.
   122 | D:1      | 122 ||| FLEEEEING.
   123 | D:1      | 123 ||| FLEEEEING.
   124 | D:1      | 124 ||| FLEEEEING.
   129 | D:1      | 129 ||| FLEEEEING.
   130 | D:1      | 130 ||| FLEEEEING.
   131 | D:1      | 131 ||| FLEEEEING.
   132 | D:1      | 132 ||| FLEEEEING.
   133 | D:1      | 133 ||| FLEEEEING.
   134 | D:1      | 134 ||| FLEEEEING.
   135 | D:1      | 135 ||| FLEEEEING.
   136 | D:1      | 136 ||| FLEEEEING.
   137 | D:1      | 137 ||| FLEEEEING.
   138 | D:1      | 138 ||| FLEEEEING.
   139 | D:1      | 139 ||| FLEEEEING.
   147 | D:1      | Reached skill level 6 in Ranged Weapons
   373 | D:1      | Reached XP level 3. HP: 10/20 MP: 5/5
   373 | D:1      | 373 ||| FLEEEEING.
   374 | D:1      | 374 ||| FLEEEEING.
   375 | D:1      | 375 ||| FLEEEEING.
   376 | D:1      | 376 ||| FLEEEEING.
   377 | D:1      | 377 ||| FLEEEEING.
   378 | D:1      | 378 ||| FLEEEEING.
   379 | D:1      | 379 ||| FLEEEEING.
   380 | D:1      | 380 ||| FLEEEEING.
   647 | D:1      | 647 ||| UPGRADING to ring of willpower.
   648 | D:1      | 648 ||| READING scroll labelled WOCOHIMAUK.
   649 | D:1      | 649 ||| READING scroll labelled IRERACKIPA.
   650 | D:1      | 650 ||| READING 2 scrolls labelled AJAIDI OWEUGO.
   651 | D:1      | 651 ||| DROPPING scroll of butterflies.
   761 | D:2      | Reached skill level 7 in Ranged Weapons
  1230 | D:2      | Found a faded altar of an unknown god.
  1372 | D:2      | 1372 ||| UPGRADING to +1 cloak.
  1377 | D:2      | 1377 ||| UPGRADING to +2 hat.
  1382 | D:2      | 1382 ||| DRINKING 3 brown potions.
  1383 | D:2      | 1383 ||| DRINKING 2 cyan potions.
  1384 | D:2      | 1384 ||| DRINKING 2 blue potions.
  1385 | D:2      | 1385 ||| READING 4 scrolls of identify.
  1385 | D:2      | 1385 ||| IDENTIFYING amethyst potion
  1386 | D:2      | 1386 ||| DROPPING potion of degeneration.
  1425 | D:3      | Reached XP level 4. HP: 25/25 MP: 6/6
  1910 | D:3      | Reached skill level 8 in Ranged Weapons
  1942 | D:3      | 1942 ||| FLEEEEING.
  1944 | D:3      | 1944 ||| FLEEEEING.
  1945 | D:3      | 1945 ||| FLEEEEING.
  2081 | D:3      | Reached XP level 5. HP: 29/29 MP: 7/7
  2194 | D:3      | 2194 ||| UPGRADING to +0 ring mail.
  2204 | D:3      | 2204 ||| DROPPING +0 leather armour.
  2205 | D:3      | 2205 ||| READING scroll labelled FUSKIBLIYZXY.
  2206 | D:3      | 2206 ||| READING scroll labelled WERCHU HEETRUEM.
  2207 | D:3      | 2207 ||| READING 4 scrolls of identify.
  2207 | D:3      | 2207 ||| IDENTIFYING murky white potion
  2208 | D:3      | 2208 ||| READING 3 scrolls of identify.
  2208 | D:3      | 2208 ||| IDENTIFYING fizzy purple potion
  2209 | D:3      | 2209 ||| DROPPING potion of magic.
  2317 | D:4      | HP: 6/29 [orc/+0 flail (8)]
  2318 | D:4      | Reached skill level 9 in Ranged Weapons
  2318 | D:4      | Killed from afar by an orc priest

Levels and vault maps discovered:
D:1:      wander_arrival_chamber, layout_loops_ring
D:2:      layout_loops_ring, hellmonk_ecumenical_altar_arch_garden
D:3:      minmay_diamond_boxcup, layout_basic, uniq_crazy_yiuf_cottage
D:4:      cheibrodos_greedy_goblins, layout_basic

Skill      XL: |  1  2  3  4  5 |
---------------+----------------+-----
Ranged Weapons | 6 7 8 9 |  9.0
Fighting       | |  1.5
Dodging        | |  2.4
Stealth        | |  1.2

Action                     |  1- 3 |  4- 6 || total
---------------------------+-------+-------++-------
   Fire: Shortbow          |    92 |    96 ||   188
    Use: Scroll            |     4 |     4 ||     8
         Potion            |     3 |       ||     3
 Armour: Leather armour    |     3 |    10 ||    13
         Ring mail         |       |    16 ||    16
  Dodge: Dodged            |    13 |    26 ||    39

Table legend:
 A = Non-vault XP
 B = Vault XP
 C = Vault XP percentage of total XP
 D = Non-vault monster count
 E = Vault monster count
 F = Vault count percentage of total count
                 A         B        C        D         E       F
            +---------+---------+-------+---------+---------+-------
      Total |     248 |      34 |  12.1 |      57 |       7 |  10.9
            +---------+---------+-------+---------+---------+-------
        D:1 |      55 |       0 |   0.0 |      25 |       0 |   0.0
        D:2 |      41 |       0 |   0.0 |      12 |       0 |   0.0
        D:3 |      92 |      34 |  27.0 |      14 |       7 |  33.3
        D:4 |      60 |       0 |   0.0 |       6 |       0 |   0.0
            +---------+---------+-------+---------+---------+-------
